 Dungeon Crawl Stone Soup version 0.17-a0-1617-gfba1302 (webtiles) character file.

5834 spinkules the Severer (level 10, -2/77 HPs)
             Began as a Hill Orc Berserker on Aug 1, 2015.
             Was a High Priest of Trog.
             Killed from afar by a steam dragon (17 damage)
             ... with a ball of steam
             ... on level 10 of the Dungeon on Aug 2, 2015.
             The game lasted 00:35:26 (8491 turns).

spinkules the Severer (Hill Orc Berserker)          Turns: 8491, Time: 00:35:26

Health: -2/77      AC: 18    Str: 21    XL:     10   Next: 80%
Magic:  10/10      EV:  7    Int: 10    God:    Trog [*****.]
Gold:   559        SH:  0    Dex: 13    Spells: 0 memorised, 9 levels left

rFire  . . .     SeeInvis .     a - +0 hand axe
rCold  . . .     Clarity  +     w - +0 plate armour
rNeg   . . .     SustAt   .     (no shield)
rPois  .         Gourm    .     y - +0 helmet
rElec  .         Spirit   .     o - +0 cloak
rCorr  +         Warding  .     k - +0 pair of gloves
rMut   .         Stasis   .     (no boots)
MR     .....                    x - amulet of resist corrosion
Stlth  ..........               V - +3 ring of slaying
                                l - +3 ring of intelligence

@: not resistant to hostile enchantments, extremely unstealthy
A: clarity
a: Burn Spellbooks, Berserk, Trog's Hand, Brothers in Arms, Renounce Religion


You were on level 10 of the Dungeon.
You worshipped Trog.
Trog was extremely pleased with you.
You were not hungry.

You visited 1 branch of the dungeon, and saw 10 of its levels.
You also visited: Ossuary.

You collected 559 gold pieces.

Inventory:

Hand weapons
 a - a +0 hand axe (weapon)
Missiles
 u - 4 tomahawks (quivered)
 L - 2 javelins
Armour
 k - a +0 pair of gloves (worn)
 o - a +0 cloak (worn)
 w - a +0 plate armour (worn)
 y - a +0 helmet (worn)
Rods
 Z - a +1 lightning rod (13/13)
   (You found it on level 8 of the Dungeon)
Jewellery
 l - a +3 ring of intelligence (left hand)
 x - an amulet of resist corrosion (around neck)
 V - a +3 ring of slaying (right hand)
Magical devices
 c - a wand of digging (9)
 A - a wand of random effects (31)
 C - a wand of disintegration (14)
 E - a wand of digging (9)
 H - a wand of magic darts (28)
 Q - a wand of frost (31)
 R - a wand of frost (27)
 S - a wand of cold (8)
 W - a wand of fire (6)
 Y - a wand of disintegration (15)
Scrolls
 b - 5 scrolls of teleportation
 g - 5 scrolls of magic mapping {unknown}
 i - 2 scrolls of amnesia {unknown}
 j - 2 scrolls of fear {unknown}
 m - 5 scrolls of remove curse
 r - a scroll of immolation {unknown}
 s - 3 scrolls of noise {unknown}
 B - 8 scrolls of identify
 G - a scroll of acquirement {unknown}
 I - a scroll of silence {unknown}
 N - a scroll of enchant weapon {unknown}
 O - 3 scrolls of recharging {unknown}
 T - a scroll of enchant armour {unknown}
Potions
 e - 2 potions of invisibility {unknown}
 f - 8 potions of curing {unknown}
 p - 5 potions of poison {unknown}
 q - a potion of heal wounds {unknown}
 v - a potion of lignification {unknown}
 D - 2 potions of flight {unknown}
 F - 2 potions of brilliance {unknown}
 J - a potion of haste {unknown}
 K - a potion of agility {unknown}
 P - a potion of degeneration {unknown}
Books
 X - a book of Air

   Spells                             Type                      Level
   a - Shock                          Conjuration/Air              1
   b - Swiftness                      Charms/Air                   2
   c - Repel Missiles                 Charms/Air                   2
   d - Static Discharge               Conjuration/Air              3
   e - Lightning Bolt                 Conjuration/Air              5
   Trog disapproves of the use of such an item.
Comestibles
 d - 4 meat rations
 h - 6 fruits
 n - 5 chunks of flesh
 t - 3 slices of pizza
 M - 2 bread rations


   Skills:
 - Level 3.6 Fighting
 * Level 16.1 Axes
 - Level 1.2 Throwing
 + Level 10.1 Armour
 - Level 1.5 Dodging
 - Level 0.1 Stealth


You had 9 spell levels left.
You didn't know any spells.

Dungeon Overview and Level Annotations

Branches:
Dungeon (10/15)            Temple (0/1) D:4
   Lair: D:8-11         Orc: D:9-12

Altars:
Ashenzari
Makhleb
Ru
Sif Muna
Xom
Zin
The Shining One

Shops:
D:4 *   D:8 [   D:10 (

Annotations:
D:3 Grinder


Innate Abilities, Weirdness & Mutations

You possess an exceptional clarity of mind.


Message History

The electric eel shoots out a bolt of lightning at you!
The bolt of electricity hits you!
The electric eel shoots out a bolt of lightning at you!
The bolt of electricity hits you!
The electric eel shoots out a bolt of lightning at you!
The bolt of electricity hits you!
The steam dragon bites you but does no damage.
The steam dragon claws you.
The electric eel shoots out a bolt of lightning at you!
The bolt of electricity hits you! The steam dragon bites you!
The steam dragon claws you. The steam dragon closely misses you.
The steam dragon claws you but does no damage.
A giant frog comes into view.
The electric eel shoots out a bolt of lightning at you!
The bolt of electricity hits the plant.
The bolt of electricity hits you!
* * * LOW HITPOINT WARNING * * *
The steam dragon breathes steam at you. The ball of steam hits you!
You die...

#.# #.♣♣♣..#.... #.#
#≈≈♣≈≈.'..## #.#
#♣♣≈≈≈♣♣#.## #.#
#≈≈≈♣≈≈♣♣.# #.#
#♣≈≈≈≈≈≈≈≈.#
#######'#####♣≈≈≈P≈P≈≈≈♣#
#..<........#≈≈≈≈≈PP≈≈≈♣
#...........≈♣≈≈≈≈≈≈≈♣≈♣
#.........@.♣♣♣P♣≈≈≈≈≈≈≈
#..........§P♣≈≈≈≈≈≈≈≈≈♣
#...........D≈≈≈≈≈≈≈≈≈≈≈
#..........P♣≈≈≈≈≈≈≈≈≈≈
####+######≈;F≈≈≈≈≈≈≈≈P
#≈P≈≈;≈≈≈≈≈≈≈
#≈P≈≈≈≈≈≈≈≈≈≈
#♣≈≈≈≈≈≈≈≈≈≈≈
♣P≈≈≈≈≈≈≈≈≈≈


You could see a steam dragon, a giant frog and 2 electric eels.

Vanquished Creatures
  A death yak (D:8)
  A hill giant (D:7)
  A gargoyle (D:8)
  A wraith (D:9)
  A hippogriff (D:10)
  A wolf (D:8)
  Menkaure (D:4)
  Duvessa (D:4)
  A sky beast (D:9)
  A phantom (D:7)
  An orc warrior (D:7)
  A black bear (D:9)
  2 ogres
  2 ice beasts
  5 centaurs
  2 giant frogs
  2 elf zombies (Ossuary)
  A wyvern zombie (D:9)
  Dowan (D:4)
  5 scorpions
  16 killer bees
  2 centaur zombies (Ossuary)
  4 crimson imps
  4 orc priests
  A quasit (D:8)
  5 hounds
  Crazy Yiuf (D:2)
  Ijyb (D:3)
  4 jellies
  5 orc wizards
  8 iguanas
  4 worker ants
  3 hound zombies
  3 mummies (Ossuary)
  Robin (D:3)
  3 gnolls (D:3)
  2 shadow imps
  3 adders
  An adder zombie (D:7)
  An adder skeleton (D:4)
  2 worms (D:2)
  6 giant geckos
  17 orcs
  6 bats
  2 giant cockroaches
  8 hobgoblins
  17 jackals
  4 quokkas
  A giant gecko zombie (D:5)
  4 giant newts
  A gnoll zombie (Ossuary)
  18 goblins
  4 goblin zombies (Ossuary)
  2 hobgoblin zombies (Ossuary)
  7 jackal zombies (Ossuary)
  8 kobolds
  2 kobold zombies (Ossuary)
  4 quokka zombies (Ossuary)
  2 rats
  8 rat zombies (Ossuary)
227 creatures vanquished.

Notes
Turn   | Place    | Note
--------------------------------------------------------------
     0 | D:1      | spinkules the Hill Orc Berserker began the quest for the Orb.
     0 | D:1      | Reached XP level 1. HP: 19/19 MP: 1/1
   127 | D:1      | Reached XP level 2. HP: 16/26 MP: 2/2
   405 | D:1      | Reached skill level 5 in Axes
   641 | D:1      | Acquired Trog's second power
   778 | D:1      | Reached XP level 3. HP: 31/31 MP: 3/3
   880 | D:2      | Noticed Crazy Yiuf
   887 | D:2      | Killed Crazy Yiuf
   887 | D:2      | Reached skill level 6 in Axes
   887 | D:2      | Reached XP level 4. HP: 39/39 MP: 4/4
  1356 | D:2      | Found a shattered altar of Ashenzari.
  1441 | D:3      | Noticed Robin
  1458 | D:3      | Killed Robin
  1458 | D:3      | Reached skill level 7 in Axes
  1715 | D:3      | Reached XP level 5. HP: 45/45 MP: 5/5
  1803 | D:3      | Noticed Ijyb
  1845 | D:3      | Killed Ijyb
  1866 | D:3      | Noticed Grinder
  1869 | D:3      | Reached skill level 8 in Axes
  1893 | D:3      | Paralysed by Grinder for 3 turns
  1940 | D:4      | Noticed Dowan
  1941 | D:4      | Noticed Duvessa
  1947 | D:4      | Killed Dowan
  1947 | D:4      | Reached XP level 6. HP: 51/51 MP: 6/6
  1956 | D:4      | Killed Duvessa
  1956 | D:4      | Reached skill level 9 in Axes
  2391 | D:4      | Reached XP level 7. HP: 30/57 MP: 7/7
  2553 | D:4      | Reached skill level 10 in Axes
  2710 | D:4      | Found a staircase to the Ecumenical Temple.
  2743 | D:4      | Noticed an ogre
  2749 | D:4      | Killed an ogre
  2749 | D:4      | Reached skill level 1 in Throwing
  2750 | D:4      | Noticed a centaur
  2766 | D:4      | Killed a centaur
  2766 | D:4      | Reached skill level 11 in Axes
  2842 | D:4      | Found a burning altar of Makhleb.
  2881 | D:4      | Noticed Menkaure
  2892 | D:4      | Killed Menkaure
  2918 | D:4      | Found Anixem's Assorted Antiques.
  3017 | D:4      | Found a glowing golden altar of the Shining One.
  3248 | D:5      | Entered Level 5 of the Dungeon
  3351 | D:5      | Reached XP level 8. HP: 64/64 MP: 8/8
  3440 | D:5      | Found a sacrificial altar of Ru.
  3558 | D:5      | Reached skill level 12 in Axes
  4117 | D:6      | Acquired Trog's third power
  4617 | D:6      | Found a sand-covered staircase.
  4621 | Ossuary  | Entered an ossuary
  4761 | Ossuary  | Reached skill level 5 in Armour
  5157 | D:6      | Found a sacrificial altar of Ru.
  5203 | D:6      | Found a deep blue altar of Sif Muna.
  5399 | D:7      | Noticed a hill giant
  5410 | D:7      | Killed a hill giant
  5410 | D:7      | Reached XP level 9. HP: 39/70 MP: 9/9
  5886 | D:7      | Reached skill level 13 in Axes
  6567 | D:8      | Noticed a death yak
  6576 | D:8      | Noticed a gargoyle
  6613 | D:8      | Killed a death yak
  6613 | D:8      | Reached skill level 14 in Axes
  6613 | D:8      | Reached XP level 10. HP: 29/77 MP: 10/10
  6627 | D:8      | Killed a gargoyle
  6984 | D:8      | Found Hocviz's Armour Emporium.
  7098 | D:8      | Reached skill level 15 in Axes
  7852 | D:9      | Found a shimmering altar of Xom.
  8301 | D:10     | Entered Level 10 of the Dungeon
  8334 | D:10     | Reached skill level 16 in Axes
  8334 | D:10     | Reached skill level 10 in Armour
  8387 | D:10     | Found Vona Nuo's Weapon Shop.
  8421 | D:10     | Found a glowing silver altar of Zin.
  8486 | D:10     | Gained mutation: You possess an exceptional clarity of mind. [potion of beneficial mutation]
  8491 | D:10     | Killed from afar by a steam dragon

Vault maps used:
D:1:      minmay_arrival_five_plusses
D:2:      lemuel_round_altar, first_bread, uniq_crazy_yiuf_cottage
D:3:      corexii_shack_village, serial_glass, glass_columns_a, glass_columns_a,
          uniq_sigmund, uniq_iyjb, uniq_grinder, uniq_robin
D:4:      tso_oasis_becter, lemuel_doored_altar, lemuel_temple_firewalk_marked,
          serial_shops, shop, uniq_menkaure, uniq_duvessa
D:5:      nicolae_ru_awakened_eye
D:6:      lemuel_crystal_altar, basic_altar, enter_ossuary_5, minivault_24
D:8:      elyvilon_altar_3, nicolae_overflow_hidden_temple, serial_shops,
          shop_fountains, serial_ice, serial_ice_d, serial_ice_f, serial_ice_e,
          serial_ice_h
D:9:      overflow_temple_1_default
D:10:     erik_lair_orcish_takeover, basic_altar, serial_shops, shop_statue,
          hangedman_ranch, serial_bayou_lake_a
Ossuary:  minmay_ossuary_two_tombs

Action                   |  1- 3 |  4- 6 |  7- 9 | 10-12 || total
-------------------------+-------+-------+-------+-------++-------
Melee: Hand axe          |    96 |   149 |   683 |   209 ||  1137
       Quarterstaff      |       |    25 |       |       ||    25
Throw: Tomahawk          |       |     2 |     2 |     2 ||     6
Invok: Berserk           |     1 |     5 |     5 |     3 ||    14
  Use: Scroll            |       |       |       |     3 ||     3
       Potion            |       |       |       |     1 ||     1
  Eat: Chunk             |       |    10 |    14 |     5 ||    29
       Fruit             |       |     1 |       |       ||     1
       Beef jerky        |       |       |     3 |       ||     3
       Meat ration       |       |       |       |     1 ||     1
